 Dungeon Crawl Stone Soup version 0.21.1-1-g345015fe64 (webtiles) character file.

91 KleinerIrrer the Chopper (level 4, -2/28 HPs)
             Began as a Gargoyle Fighter on Apr 4, 2018.
             Slain by Thargor's ghost (7 damage)
             ... on level 3 of the Dungeon.
             The game lasted 00:00:41 (2485 turns).

KleinerIrrer the Chopper (Gargoyle Fighter)         Turns: 2485, Time: 00:00:41

Health: -2/28      AC: 10    Str: 21    XL:     4   Next: 59%
Magic:  4/4        EV:  9    Int:  8    God:
Gold:   187        SH:  0    Dex:  9    Spells: 3/3 levels left

rFire    . . .     SeeInvis .   Y - +0 battleaxe
rCold    . . .     Gourm    .   (shield currently unavailable)
rNeg     + . .     Faith    .   b - +0 scale mail
rPois    ∞         Spirit   .   (no helmet)
rElec    +         Reflect  .   (no cloak)
rCorr    .         Harm     .   (no gloves)
MR       .....                  (no boots)
Stlth    ..........             (no amulet)
HPRegen  0.09/turn              (no ring)
MPRegen  0.09/turn              (no ring)

@: no status effects
A: negative energy resistance 1, electricity resistance, unbreathing,
petrification resistance, rot immunity, AC +3
a: no special abilities


You were on level 3 of the Dungeon.
You were not hungry.

You visited 1 branch of the dungeon, and saw 3 of its levels.

You collected 187 gold pieces.


Innate Abilities, Weirdness & Mutations

You are resistant to torment.
Your stone body is resilient. (AC +3)
You are immune to poison.
You resist negative energy. (rN+)
You are resistant to electric shocks. (rElec)
You can survive without breathing.
You are immune to petrification.
You are immune to rotting.


   Skills:
 - Level 3.2 Fighting
 + Level 4.2 Axes
 - Level 3.2 Armour
   Level 3.2 Shields


You had 3 spell levels left.
You didn't know any spells.

Inventory:

Hand Weapons
 f - a +0 club
 j - a +0 war axe
 Y - a +0 battleaxe (weapon)
Armour
 b - a +0 scale mail (worn)
Scrolls
 a - a scroll of identify
 g - a scroll of random uselessness {unknown}
 n - a scroll of teleportation
Potions
 d - a potion of might
 h - a potion of flight {unknown}
 k - a potion of curing {unknown}
 m - 2 potions of heal wounds {unknown}
Comestibles
 c - 5 chunks of flesh
 e - 4 rations

Dungeon Overview and Level Annotations

Branches:
Dungeon (3/15)

Altars:
Ashenzari
Hepliaklqana
Trog

Annotations:
D:3 Thargor's ghost, amateur FoFi


Message History

You slash the rat!
You kill the rat!
A goblin comes into view.
The goblin shouts!
Thargor's ghost whispers, "It is all a dream - a grotesque and foolish dream."
You slash Thargor's ghost!
Thargor's ghost is moderately damaged.
Thargor's ghost hits you.
You barely miss Thargor's ghost.
Thargor's ghost is moderately damaged.
Thargor's ghost barely misses you. Thargor's ghost hits you!
You completely miss Thargor's ghost.
Thargor's ghost is moderately damaged.
Thargor's ghost hits you.
You hit Thargor's ghost.
Thargor's ghost is heavily damaged.
You slash the goblin!
You kill the goblin!
Thargor's ghost hits you! x2
You die...

.....# #
#.......# ....
######
####.#....####
... .....#..).#
## ..
.....#....##....
................
........!###....
.........# ...
.........# ..
.......W@# .
.........#
.......(.#
.........#
.........#
####..#+## #..
#.. #..


You could see Thargor's ghost.

Vanquished Creatures
  5 adders
  3 worms (D:2)
  An orc (D:3)
  A ball python (D:1)
  A giant cockroach (D:2)
  3 hobgoblins (D:2)
  A quokka (D:2)
  2 bats
  8 frilled lizards
  8 goblins
  3 kobolds
  8 rats
44 creatures vanquished.

Notes
Turn   | Place    | Note
-------+----------+-------------------------------------------
     0 | D:1      | KleinerIrrer the Gargoyle Fighter began the quest for the Orb.
     0 | D:1      | Reached XP level 1. HP: 14/14 MP: 1/1
     0 | D:1      | 0 ||| counter = 56
    17 | D:1      | Noticed a swamp worm
    17 | D:1      | Noticed a rime drake
    17 | D:1      | Noticed a black bear
    17 | D:1      | Noticed a redback
    87 | D:1      | Reached skill level 2 in Axes
   508 | D:1      | Reached XP level 2. HP: 19/19 MP: 2/2
   789 | D:1      | 789 ||| READING scroll labeled FAIL VUOHEIM.
   794 | D:1      | 794 ||| READING 2 scrolls labeled AXKOVIOBLI.
   795 | D:1      | 795 ||| READING scroll labeled XEDGHU HUAGH.
   796 | D:1      | 796 ||| DRINKING 2 lumpy cyan potions.
   835 | D:1      | 835 ||| READING scroll of identify.
   835 | D:1      | 835 ||| IDENTIFYING large brass ring
   836 | D:1      | 836 ||| DROPPING ring of wizardry.
   837 | D:1      | 837 ||| DROPPING potion of lignification.
   940 | D:2      | Found a hazy altar of Hepliaklqana.
  1013 | D:2      | Reached skill level 3 in Axes
  1013 | D:2      | Reached XP level 3. HP: 23/23 MP: 3/3
  1053 | D:2      | 1053 ||| STAIRDANCE
  1479 | D:2      | Found a bloodstained altar of Trog.
  1627 | D:2      | 1627 ||| REMOVING +0 shield.
  1632 | D:2      | 1632 ||| SWAPPING to battleaxe.
  1633 | D:2      | 1633 ||| DROPPING +0 shield.
  1634 | D:2      | 1634 ||| READING scroll labeled OQUAMNU SEORR.
  1675 | D:3      | Reached XP level 4. HP: 26/28 MP: 4/4
  1715 | D:3      | Noticed Thargor's ghost (amateur FoFi)
  1743 | D:3      | 1743 ||| STAIRDANCE
  1778 | D:3      | 1778 ||| STAIRDANCE
  1896 | D:3      | 1896 ||| STAIRDANCE
  1962 | D:3      | 1962 ||| STAIRDANCE
  2025 | D:3      | 2025 ||| STAIRDANCE
  2056 | D:3      | 2056 ||| STAIRDANCE
  2142 | D:2      | 2142 ||| EATING 5 rations.
  2148 | D:3      | 2148 ||| STAIRDANCE
  2264 | D:3      | Found a shattered altar of Ashenzari.
  2306 | D:3      | Reached skill level 4 in Axes
  2485 | D:3      | HP: 5/28 [Thargor's ghost (7)]
  2485 | D:3      | Slain by Thargor's ghost

Vault maps used:
D:1:      onia_arrival_zoo_common
D:2:      nicolae_overflow_hidden_temple, bloody_trog
D:3:      old_standard_altar

Skill      XL: |  1  2  3  4 |
---------------+-------------+-----
Axes           | 2 3 4 |  4.2
Fighting       | |  3.2
Armour         | |  3.2
Shields        | |  3.2

Action                   |  1- 3 |  4- 6 || total
-------------------------+-------+-------++-------
Melee: War axe           |    90 |       ||    90
       Battleaxe         |    11 |    63 ||    74
Throw: Javelin           |    33 |     6 ||    39
  Use: Scroll            |     5 |       ||     5
       Potion            |     1 |       ||     1
  Eat: Chunk             |     3 |       ||     3
       Ration            |       |     1 ||     1
Armor: Scale mail        |    66 |    39 ||   105
Dodge: Dodged            |    39 |    40 ||    79
Block: Shield            |    55 |       ||    55

Table legend:
 A = Spawn XP
 B = Non-spawn XP
 C = Spawn XP percentage of total XP
 D = Spawn monster count
 E = Non-spawn monster count
 F = Spawn count percentage of total count
 G = Total turns spent on level
                    A         B        C        D         E        F      G
               +---------+---------+-------+---------+---------+-------+---------
         Total |       0 |     131 |   0.0 |       0 |      44 |   0.0 |  2485
               +---------+---------+-------+---------+---------+-------+---------
           D:1 |       0 |      13 |   0.0 |       0 |      11 |   0.0 |   970
           D:2 |       0 |      63 |   0.0 |       0 |      19 |   0.0 |  1103
           D:3 |       0 |      55 |   0.0 |       0 |      14 |   0.0 |   412
               +---------+---------+-------+---------+---------+-------+---------
